AoeStats
← bl4de

Arabia

507142676Analyzed
1v1 RM · 16d ago on Sep 16, 2026· 72m 48s· 2 players
Game mode
Random Map
Map size
Tiny (2 player)
Population
200
Speed
Normal
Resources
Standard
Victory
Conquest
Starting age
Dark Age
Ending age
Imperial Age
RankedLock teamsTeams togetherTeam positionsShared explorationLock speedFull tech treeHidden civsTurbo modeCheats
Victory
Defeat
🇩🇪 Vikings · Germany
1527
+17
🇷🇺 Franks · Russia
1548
-17
bl4de
6:50 Loom
9:29 Feudal Age
10:12 Double-Bit Axe
10:44 Horse Collar
13:39 Horse Collar
17:02 Fletching
21:41 Castle Age
20:50 Gold Mining
21:25 Padded Archer Armor
22:38 Bodkin Arrow
22:05 Crossbowman
23:00 Bow Saw
22:53 Heavy Plow
24:40 Town Watch
24:49 Pikeman
26:56 Ballistics
28:41 Squires
28:42 Scale Mail Armor
34:10 Imperial Age
32:21 Chain Mail Armor
32:16 Forging
33:10 Leather Archer Armor
33:51 Gold Shaft Mining
35:09 Bracer
38:39 Plate Mail Armor
38:01 Arson
39:19 Iron Casting
39:22 Capped Ram
41:54 Blast Furnace
40:21 Arbalester
43:43 Ring Archer Armor
43:37 Conscription
44:33 Gambesons
45:53 Chieftains
45:55 Bogsveigar
46:48 Man-at-Arms
47:34 Siege Ram
48:21 Stone Mining
48:23 Long Swordsman
49:19 Two-Handed Swordsman
49:54 Champion
52:36 Light Cavalry
55:50 Chemistry
55:01 Fortified Wall
55:59 Scale Barding Armor
57:53 Chain Barding Armor
59:21 Siege Engineers
59:26 Masonry
61:00 Crop Rotation
61:33 Two-Man Saw
68:37 Hoardings
67:35 Sappers
Egbert
6:48 Loom
9:19 Feudal Age
10:07 Double-Bit Axe
20:32 Castle Age
19:47 Scale Barding Armor
20:34 Wheelbarrow
21:39 Chain Barding Armor
21:40 Bow Saw
21:55 Stone Mining
22:04 Gold Mining
24:50 Husbandry
25:03 Forging
31:04 Town Watch
34:29 Iron Casting
39:01 Imperial Age
36:53 Stone Mining
39:19 Light Cavalry
39:21 Cavalier
40:39 Plate Barding Armor
42:13 Blast Furnace
49:38 Conscription
49:41 #83
50:22 Scale Mail Armor
52:02 Masonry
52:54 Chemistry
51:58 Herbal Medicine
53:19 Chain Mail Armor
54:37 Hand Cart
55:02 Architecture
56:09 Plate Mail Armor
55:33 Paladin
59:13 Ballistics
58:48 Fletching
63:39 Hoardings
64:16 Bodkin Arrow
64:10 Light Cavalry
68:08 Fortified Wall
68:42 Padded Archer Armor
69:26 Elite Skirmisher
Connection lost

Rejoining the realm…

Still unreachable

The connection could not be restored.

Session expired

The server has moved on; the page needs a fresh start.